 Dungeon Crawl Stone Soup version 0.16-a0-327-gbff0e38 (webtiles) character file.

206 Ratboiler the Ruinous (level 5, -10/31 HPs)
             Began as an Octopode Conjurer on Sept 5, 2014.
             Mangled by an ogre
             ... wielding a +0 giant club
              (17 damage)
             ... on Level 4 of the Dungeon.
             The game lasted 00:12:15 (4398 turns).

Ratboiler the Ruinous (Octopode Conjurer)           Turns: 4398, Time: 00:12:16

HP -10/31        AC  5     Str  8      XL: 5   Next: 84%
MP   2/9         EV 12     Int 18      God:
Gold 171         SH  0     Dex 12      Spells:  3 memorised,  2 levels left

rFire  . . .     SeeInvis .     a - +1 short sword (elec)
rCold  . . .     Clarity  .     (no shield)
rNeg   . . .     rCorr    .     (helmet restricted)
rPois  .         rRot     .     (no amulet)
rElec  .         Spirit   .     s - +4 ring of protection
SustAb .         Warding  .     (no ring)
rMut   .         Stasis   .     (no ring)
Gourm  .                        (no ring)
MR     .....                    (no ring)
                                (no ring)
                                (no ring)
                                (no ring)

@: not resistant to hostile enchantments, stealthy
A: almost no armour, amphibious, 8 rings, constrict 8, camouflage 1, gelatinous
body 1
a: no special abilities


You were on level 4 of the Dungeon.
You were hungry.

You visited 1 branch of the dungeon, and saw 4 of its levels.

You collected 171 gold pieces.

Inventory:

Hand weapons
 a - a +1 short sword of electrocution (weapon)
Missiles
 p - 4 needles of confusion
Comestibles
 b - 3 bread rations
 h - a meat ration
 m - a royal jelly
Scrolls
 g - 2 scrolls of fog {unknown}
 i - 2 scrolls of magic mapping {unknown}
 j - a scroll of random uselessness {unknown}
 k - 2 scrolls of remove curse {unknown}
 l - a scroll of identify {unknown}
 r - a scroll of enchant armour {unknown}
Jewellery
 s - a +4 ring of protection (left tentacle)
Potions
 e - 2 potions of haste {unknown}
 f - a potion of mutation {unknown}
 o - 2 potions of curing {unknown}
Books
 c - a book of Conjurations

   Spells                             Type                      Level
   *Magic Dart                        Conjuration                  1
   *Searing Ray                       Conjuration                  2
   *Dazzling Spray                    Conjuration/Hexes            3
   Fulminant Prism                    Conjuration/Hexes            4
   Iskenderun's Mystic Blast          Conjuration                  4
   Iskenderun's Battlesphere          Conjuration/Charms           5


   Skills:
 - Level 2.0 Dodging
 + Level 5.3 Stealth
 - Level 2.0 Spellcasting
 * Level 6.0 Conjurations


You had 2 spell levels left.
You knew the following spells:

 Your Spells              Type           Power        Failure   Level  Hunger
a - Magic Dart            Conj           ###.         1%          1    #......
b - Searing Ray           Conj           ###...       1%          2    ##.....
c - Dazzling Spray        Conj/Hex       ##......     17%         3    ####...


Dungeon Overview and Level Annotations

Branches:
Dungeon (4/15)
 Temple: D:4-7

Altars:
Fedhas
Kikubaaqudgha
Makhleb


Innate Abilities, Weirdness & Mutations

You cannot wear most types of armour.
You are amphibious.
You can wear up to eight rings at the same time.
You can use your tentacles to constrict many enemies at once.
Your skin changes colour to match your surroundings (Stealth).
Your rubbery body absorbs attacks (AC +1).


Message History

The ogre is almost dead.
The ogre is no longer blind.
The goblin barely misses you.
You hit the goblin.
You kill the goblin!
You closely miss the ogre.
The ogre is almost dead.
The ogre hits you with a giant club!!
Ouch! That really hurt!
* * * LOW HITPOINT WARNING * * *
The ogre closely misses you.
Casting: Magic Dart
Confirm with . or Enter, or press ? or * to list all spells.
Aiming: Magic Dart
Press: ? - help, Shift-Dir - straight line, f/p - ogre
Aim: an ogre, wielding a giant club (almost dead)
The magic dart hits the ogre.
The ogre is almost dead.
The ogre hits you with a giant club!
Ouch! That really hurt!
You die...

#.## #......... #..##
##.....##.. #...##
##.....####. ##....###
##.....## ## #..#....##
##.....## #..##....##
##.....##
#..###....###.....########
##.##
###...#.....#....<..##
#..# ##O@.....#..........
#..# ##.....###.........
##.## ###..## ##........
#..### #..# ##.......
#..#.###### ##.## ###....#
#.........# #..### ##..##
##.........# #....### ####
#..........# ##......###
#.#........# #.......[.###


You could see an ogre.

Vanquished Creatures
  A worker ant (D:4)
  8 adders
  A worm (D:2)
  2 giant geckos
  An ooze (D:3)
  13 orcs
  5 ball pythons
  5 giant cockroaches
  12 goblins
  7 hobgoblins
  9 jackals
  7 kobolds
  2 quokkas (D:2)
  5 bats
  5 giant newts
  A hobgoblin skeleton (D:4)
  5 rats
89 creatures vanquished.

Notes
Turn   | Place    | Note
--------------------------------------------------------------
     0 | D:1      | Ratboiler, the Octopode Conjurer, began the quest for the Orb.
     0 | D:1      | Reached XP level 1. HP: 11/11 MP: 3/3
   306 | D:1      | Reached XP level 2. HP: 17/17 MP: 2/4
   709 | D:1      | Learned a level 2 spell: Searing Ray
  1289 | D:2      | Reached XP level 3. HP: 21/21 MP: 6/6
  1302 | D:2      | Learned a level 3 spell: Dazzling Spray
  1491 | D:2      | Found a burning altar of Makhleb.
  1491 | D:2      | Noticed a green death
  1495 | D:2      | Noticed a neqoxec
  1495 | D:2      | Noticed an orange demon
  1516 | D:2      | Reached skill level 5 in Conjurations
  1516 | D:2      | Reached XP level 4. HP: 18/27 MP: 0/7
  3172 | D:3      | Reached XP level 5. HP: 31/31 MP: 5/9
  3352 | D:3      | Found an ancient bone altar of Kikubaaqudgha.
  3353 | D:3      | Found a blossoming altar of Fedhas.
  3539 | D:3      | Reached skill level 5 in Stealth
  4016 | D:4      | Reached skill level 6 in Conjurations
  4222 | D:4      | Noticed an ogre
  4398 | D:4      | Mangled by an ogre

Action                   |  1- 3 |  4- 6 || total
-------------------------+-------+-------++-------
Melee: Unarmed           |    43 |    56 ||    99
       Short sword       |       |    28 ||    28
 Cast: Magic Dart        |    35 |    84 ||   119
       Searing Ray       |       |     1 ||     1
       Dazzling Spray    |       |     5 ||     5
 Stab: Sleeping          |     1 |     9 ||    10
  Eat: Chunk             |     2 |     9 ||    11
       Pizza             |       |     1 ||     1
